 Dungeon Crawl Stone Soup version 0.30.0-29-ga12c61a403 (webtiles) character file.

Game seed: 13217739122927405571

32 H0rd4k the Charlatan (level 3, -6/26 HPs)
             Began as a Human Artificer on June 23, 2023.
             Mangled by a gnoll
             ... wielding a +0 spear
              (7 damage)
             ... on level 2 of the Dungeon.
             The game lasted 00:00:47 (617 turns).

H0rd4k the Charlatan (Human Artificer)               Turns: 617, Time: 00:00:47

Health: -6/26      AC:  3    Str: 12    XL:     3   Next: 45%
Magic:  3/3        EV: 11    Int: 13    God:
Gold:   15         SH:  0    Dex: 13    Spells: 2/2 levels left

rFire   . . .        a - +0 club
rCold   . . .        (no shield)
rNeg    . . .        b - +0 leather armour
rPois   .            (no helmet)
rElec   .            (no cloak)
rCorr   .            (no gloves)
SInv    .            (no boots)
Will    .....        (no amulet)
Stlth   +            (no ring)
HPRegen 0.24/turn    (no ring)
MPRegen 0.08/turn

%: no passive effects
@: no status effects
A: no striking features
a: no special abilities


You were on level 2 of the Dungeon.
You visited 1 branch of the dungeon, and saw 2 of its levels.

You collected 15 gold pieces.

Inventory:

Hand Weapons
 a - a +0 club (weapon)
 i - a +0 great sword
Armour
 b - a +0 leather armour (worn)
Wands
 c - a wand of flame (12) (quivered)
 d - a wand of charming (12)
 e - a wand of iceblast (4)
Scrolls
 f - a scroll of teleportation {unknown}
 g - a scroll of identify {unknown}
 k - a scroll of amnesia {unknown}
 m - a scroll of noise {unknown}
 n - a scroll of immolation {unknown}
Potions
 h - a potion of magic {unknown}
 j - a potion of heal wounds {unknown}
 l - a potion of invisibility {unknown}


   Skills:
 + Level 1.4 Fighting
 + Level 0.4 Maces & Flails
 - Level 2.0 Armour
 + Level 1.2 Dodging
 + Level 1.0 Stealth
 + Level 3.9 Evocations


You had 2 spell levels left.
You didn't know any spells.
Your spell library was empty.

Dungeon Overview and Level Annotations

Branches:
Dungeon (2/15)

Altars:


Message History

The jackal bites you but does no damage.
The gnoll shouts!
You hit the jackal.
The jackal is severely wounded.
The jackal barely misses you.
A gnoll comes into view. It is wielding a +0 spear.
You barely miss the jackal.
The jackal is severely wounded.
The jackal bites you. The jackal closely misses you.
The gnoll shouts!
You hit the jackal.
You kill the jackal!
The jackal bites you but does no damage.
You hit the jackal.
The jackal is heavily wounded.
The jackal closely misses you. x2
You hit the jackal.
You kill the jackal!
The rat bites you.
You hit the rat.
You kill the rat!
You hit the gnoll but do no damage. The gnoll hits you with a +0 club.
You hit the gnoll.
The gnoll is lightly wounded.
The gnoll hits you with a +0 club. The gnoll barely misses you.
You hit the gnoll but do no damage.
The gnoll is lightly wounded.
The gnoll hits you from afar with a +0 spear.
The gnoll hits you with a +0 club.
* * * LOW HITPOINT WARNING * * *
The gnoll hits you with a +0 club.
* * * LOW HITPOINT WARNING * * *
The gnoll hits you from afar with a +0 spear.
* * * LOW HITPOINT WARNING * * *
Aiming: Charm
Press: ? - help, Shift-Dir - straight line, f - gnoll
Aim: a gnoll, wielding a +0 club (lightly wounded, chance to affect: 67%)
The gnoll is charmed.
The gnoll hits you from afar with a +0 spear!
You die...

#.# #.# ### # #.#
#.. . ##.## #.# #
##...###.###
#######.....##...#
#..............#†.
#@#####)....##...#
#g# ##...###.###
#g# #.....##.###
#.# ##...###....
... ##.## #####
#.. #.# ... #^#
.#.# #+#


You could see a gnoll and a friendly gnoll (charmed).

Vanquished Creatures
  2 adders (D:2)
  An endoplasm (D:1)
  A hobgoblin (D:2)
  4 jackals (D:2)
  2 ball pythons (D:2)
  3 kobolds (D:2)
  2 rats (D:2)
15 creatures vanquished.

Vanquished Creatures (others)
  A ball python (D:1)
  A bat (D:1)
2 creatures vanquished.

Grand Total: 17 creatures vanquished

Notes
Turn   | Place    | Note
-------+----------+-------------------------------------------
     0 | D:1      | H0rd4k the Human Artificer began the quest for the Orb.
     0 | D:1      | Reached XP level 1. HP: 15/15 MP: 1/1
    94 | D:1      | Found a faded altar of an unknown god.
   293 | D:2      | Reached XP level 2. HP: 21/21 MP: 2/2
   495 | D:2      | Reached XP level 3. HP: 8/26 MP: 3/3
   616 | D:2      | HP: 1/26 [gnoll/+0 spear (1)]
   617 | D:2      | Mangled by a gnoll

Illustrated notes

Levels and vault maps discovered:
D:1:      arrival_zaba_pyramid, layout_loops_corners,
          nicolae_ecumenical_snake_handling
D:2:      layout_loops_corners, uniq_jessica

Action                     || total
---------------------------++-------
  Melee: Club              ||    73
         Punch             ||     1
  Evoke: Wand              ||     7
 Armour: Leather armour    ||    33
  Dodge: Dodged            ||    64
